 Seeded DCSS version 0.29.1-4-g47bece8355 (webtiles) character file.

Game seed: 20221205 (custom seed)

102223 kingsuperguy the Severer (level 15, 0/147 HPs)
             Began as a Minotaur Berserker on Dec 5, 2022.
             Was a High Priest of Trog.
             Slain by a deep elf blademaster
             ... wielding a +6 lajatang
              (13 damage)
             ... on level 2 of the Depths on Dec 7, 2022.
             The game lasted 01:31:55 (42835 turns).

kingsuperguy the Severer (Minotaur Berserker)      Turns: 42835, Time: 01:31:56

Health: 0/147      AC: 28    Str: 30    XL:     15   Next: 85%
Magic:  4/14       EV: 15    Int:  4    God:    Trog [*****.]
Gold:   905        SH:  7    Dex: 15    Spells: 14/14 levels left

rFire   + + .      SeeInvis .   R - +3 broad axe (elec)
rCold   . . .      Faith    .   W - +0 kite shield
rNeg    . . .      Spirit   .   d - +1 chain mail {rF+}
rPois   .          Reflect  .   (helmet restricted)
rElec   .          Harm     .   N - +1 cloak
rCorr   .          Rampage  .   M - +3 Mad Mage's Maulers {Infuse+∞ RegenMP Int-3}
Will    ++...                   h - +2 pair of boots
Stlth   ..........              (no amulet)
HPRegen 0.34/turn               l - ring of Skepticism {rF+ Will+ Int+3 Dex+6}
MPRegen 0.54/turn               V - +4 ring of protection

@: on berserk cooldown, slowed, very slow
A: horns 2, retaliatory headbutt, iridescent scales 1, deformed body
a: Renounce Religion, Berserk, Trog's Hand, Brothers in Arms


You were on level 2 of the Depths.
You worshipped Trog.
Trog was extremely pleased with you.
You visited 8 branches of the dungeon, and saw 29 of its levels.

You collected 2381 gold pieces.
You spent 1476 gold pieces at shops.

Inventory:

Hand Weapons
 F - the +5 long sword of Hubris {vorpal, Int+3 Dex+3}
   (You found it on level 10 of the Dungeon)

   It inflicts extra damage upon your enemies.
   Int:       It affects your intelligence (+3).
   Dex:       It affects your dexterity (+3).
 R - a +3 broad axe of electrocution (weapon)
 S - a +2 hand axe of flaming
 T - a +4 battleaxe
Missiles
 e - 5 poisoned darts (quivered)
 s - 13 curare-tipped darts
 Z - 7 javelins
Armour
 c - +0 ice dragon scales
 d - a +1 chain mail of fire resistance (worn)
 h - a +2 pair of boots (worn)
 q - a +2 pair of gloves
 w - the +1 leather armour "Wumos" {-Cast Rampage rPois rC++}
   (You found it on level 4 of the Dungeon)

   rC:        It greatly protects you from cold.
   rPois:     It protects you from poison.
   -Cast:     It prevents spellcasting.
   Rampage:   It bestows one free step when moving towards enemies.
 K - a scarf of invisibility
 M - the +3 Mad Mage's Maulers (worn) {Infuse+∞ RegenMP Int-3}
   (You bought it in a shop on level 2 of the Orcish Mines)

   It empowers its wearer's blows with all of their magic.
   It causes its wearer's magical reserves to regenerate more quickly.
   Int:       It affects your intelligence (-3).
 N - a +1 cloak (worn)
 W - a +0 kite shield (worn)
 Y - +3 swamp dragon scales
Jewellery
 f - a ring of positive energy
 l - the ring of Skepticism (left hand) {rF+ Will+ Int+3 Dex+6}
   (You found it on level 3 of the Lair of Beasts)

   [ring of dexterity]

   Int:       It affects your intelligence (+3).
   Dex:       It affects your dexterity (+6).
   rF:        It protects you from fire.
   Will:      It increases your willpower.
 o - a ring of resist corrosion
 v - a ring of ice
 J - a ring of positive energy
 V - a +4 ring of protection (right hand)
Wands
 i - a wand of mindburst (6)
 r - a wand of acid (3)
 y - a wand of roots (4)
 z - a wand of flame (6)
 I - a wand of digging (11)
 U - a wand of polymorph (9)
Scrolls
 j - 2 scrolls of summoning
 u - 6 scrolls of teleportation
 x - 2 scrolls of butterflies
 A - a scroll of silence
 B - 3 scrolls of poison
 G - 2 scrolls of fear
 P - a scroll of identify
 Q - 2 scrolls of enchant weapon
Potions
 g - 2 potions of ambrosia
 k - 20 potions of curing
 m - 2 potions of magic
 n - a potion of cancellation
 p - 3 potions of might
 t - 3 potions of flight
 C - a potion of lignification
 E - a potion of invisibility
 L - a potion of heal wounds
 O - 4 potions of haste
 X - 2 potions of brilliance
Miscellaneous
 b - a piece from Xom's chessboard (15/15)
 D - a condenser vane
 H - a lightning rod (4/4)


   Skills:
 + Level 17.5 Fighting
 + Level 17.5 Axes
 + Level 17.3 Armour
 + Level 15.9 Dodging


You had 14 spell levels left.
You didn't know any spells.
Your spell library was empty.

Dungeon Overview and Level Annotations

Branches:
Dungeon (15/15)            Temple (0/1) D:5            Lair (5/5) D:11
  Swamp (1/4) Lair:3       Spider (1/4) Lair:2        Slime (1/5) Lair:5
    Orc (2/2) D:12            Elf (2/3) Orc:2        Vaults (0/5) D:14
 Depths (2/4) D:15

Altars:
Ashenzari
Cheibriados
Dithmenos
Fedhas
Gozag
Hepliaklqana
Makhleb
Okawaru
Qazlal
Sif Muna
Vehumet
Jiyva

Shops:
D:4 *   D:8 *   Orc:1 *   Orc:2 ??[(   Elf:1 (

Portals:
Hell: Depths:1


Innate Abilities, Weirdness & Mutations

You have a pair of horns on your head.
You reflexively headbutt those who attack you in melee.
You are partially covered in iridescent scales. (AC +2)
Armour fits poorly on your strangely shaped body.


Message History

You slice the deep elf blademaster!!
Your headbutt misses the deep elf blademaster.
The deep elf blademaster is severely wounded.
You closely miss the deep elf master archer.
You barely miss the hellephant.
The hellephant is engulfed in blazing flames.
You block the hellephant's attack.
The hellephant bites you but does no damage.
The hellephant gores you but does no damage.
The deep elf master archer shoots an arrow.
The arrow hits you!!
The deep elf blademaster hits you with a +6 lajatang! x2
* * * LOW HITPOINT WARNING * * *
You completely miss the deep elf blademaster.
Your headbutt misses the deep elf blademaster.
The deep elf blademaster is severely wounded.
You hit the deep elf master archer. You slash the hellephant!
Lightning courses through the hellephant!
The hellephant tramples you!
* * * LOW HITPOINT WARNING * * *
You stumble backwards!
The deep elf blademaster hits you with a +6 lajatang.
* * * LOW HITPOINT WARNING * * *
The deep elf blademaster hits you but does no damage.
You feel a strong urge to attack something.
The deep elf blademaster closely misses you.
The deep elf blademaster hits you with a +6 lajatang.
* * * LOW HITPOINT WARNING * * *
You feel your anger nearly subside.
You are no longer berserk.
You are exhausted.
You feel yourself slow down.
Blink to where?
Press: ? - help, Dir - move target
As you read the scroll of blinking, it crumbles to dust.
The hellephant blinks!
The deep elf blademaster attacks as you move away!
The deep elf blademaster hits you with a +6 lajatang!!
* * * LOW HITPOINT WARNING * * *
The deep elf blademaster hits you with a +6 lajatang!
You die...

..... ♣♣...♣ ..§. ♣♣.h♣
♣.. ♣.e.♣ ##########♣.
♣...♣ .......^.#♣ ♣..♣♣
.........# ♣...♣
.........### ♣...♣
#'##.......#######...###.#
#.###...........@e.......#
#.# #.<.........##########
#'###...>.......#
...##......######
...##.........
.W.##...###### .........
....#...## ..≈......


You could see a deep elf blademaster.

Vanquished Creatures
  Gastronok (D:8)
  Donald (Orc:2)
  Kirke (Lair:4)
  A tengu reaver (Depths:1)
  An iron dragon (Depths:1)
  An orc warlord (Orc:2)
  A frost giant (Depths:1)
  6 very ugly things (Depths:1)
  2 stone giants (Depths:1)
  An ironbound preserver (D:14)
  A deep elf demonologist (Elf:1)
  A fire dragon (Lair:5)
  2 ettins (Depths:1)
  3 ice dragons (Depths:1)
  An anaconda (shapeshifter) (D:14)
  A boulder beetle (D:15)
  3 centaur warriors
  Erica (D:8)
  A death knight (D:14)
  7 hydras
  4 tengu warriors
  4 two-headed ogres
  2 deep troll shamans (Depths:1)
  An orc high priest (Orc:2)
  A vampire mage (D:15)
  Sonja (Lair:4)
  A salamander mystic (Depths:1)
  Urug (D:11)
  Nergalle (Lair:2)
  A deep elf knight (Elf:1)
  A sixfirhy (D:7)
  A fire crab (Lair:5)
  2 skeletal warriors
  3 deep trolls (Depths:1)
  A steelbarb worm (Spider:1)
  An iron troll (Depths:1)
  A flayed ghost (Depths:2)
  5 deep elf pyromancers
  A necromancer (D:15)
  A wolf spider (Spider:1)
  4 orc knights
  Pikel (D:8)
  2 deep elf zephyrmancers (Elf:1)
  7 ugly things
  3 manticores
  3 salamanders (Depths:1)
  A stone giant zombie (D:15)
  A salamander (shapeshifter) (D:15)
  2 orc sorcerers (Orc:2)
  3 elephants
  4 cyclopes
  An iron dragon skeleton (D:15)
  5 black mambas
  2 fire giant skeletons (D:15)
  A smoke demon (Depths:1)
  6 cane toads
  2 gargoyles (D:14)
  An unseen horror (D:13)
  Maggie (D:9)
  Psyche (D:9)
  3 kobold demonologists
  2 molten gargoyles (Lair:5)
  13 komodo dragons
  A yaktaur (D:15)
  2 freezing wraiths
  A tengu conjurer (D:13)
  A hornet (D:10)
  6 polar bears
  7 trolls
  20 blink frogs
  18 slime creatures
  5 dream sheep
  4 shadows
  A culicivora (Spider:1)
  2 wraiths
  35 yaks
  5 wyverns
  5 basilisks
  7 hogs
  A fire elemental (Elf:1)
  2 redbacks (Lair:2)
  5 steam dragons
  6 vampire mosquitoes
  7 wargs
  10 water moccasins
  3 acid dragons
  A swamp worm (Swamp:1)
  4 hell hounds (Lair:5)
  A swamp drake (Lair:3)
  27 orc warriors
  4 ice beasts
  A sky beast (D:7)
  A black bear (Lair:3)
  8 ogres
  6 wolves (Lair:3)
  25 centaurs
  3 lemures (D:8)
  A phantom (D:7)
  A necrophage (D:8)
  Blork the orc (D:6)
  12 bullfrogs
  3 gnoll sergeants
  2 scorpions
  11 wights
  A troll zombie (D:12)
  7 killer bees
  5 howler monkeys
  3 electric eels
  6 lava snakes
  A jelly (D:6)
  17 orc priests
  A gnoll bouda (D:6)
  3 hounds
  5 iguanas
  16 orc wizards
  5 ogre zombies (D:12)
  10 gnolls
  7 adders
  2 shadow imps
  3 ufetubi
  2 worms
  2 dart slugs
  68 orcs
  5 bats
  7 endoplasms
  5 giant cockroaches
  4 goblins
  7 hobgoblins
  7 jackals
  7 ball pythons
  5 frilled lizards
  A goblin skeleton (D:12)
  A goblin zombie (D:12)
  10 kobolds
  2 orc skeletons (D:12)
  15 orc zombies (D:12)
  A rat (D:3)
  A butterfly (Lair:4)
648 creatures vanquished.

Vanquished Creatures (others)
  2 orc wizards
  2 foxfires (Swamp:1)
  22 fungi
  23 plants
  10 withered plants (D:15)
59 creatures vanquished.

Grand Total: 707 creatures vanquished

Notes
Turn   | Place    | Note
-------+----------+-------------------------------------------
     0 | D:1      | kingsuperguy the Minotaur Berserker began the quest for the
                  | Orb.
     0 | D:1      | Reached XP level 1. HP: 19/19 MP: 0/0
    30 | D:1      | Reached XP level 2. HP: 4/27 MP: 1/1
   515 | D:1      | Found a faded altar of an unknown god.
   811 | D:1      | Reached XP level 3. HP: 33/33 MP: 2/2
  1106 | D:2      | Reached ** piety under Trog
  1425 | D:2      | Reached XP level 4. HP: 41/41 MP: 3/3
  3167 | D:4      | Reached XP level 5. HP: 39/47 MP: 4/4
  3254 | D:4      | Identified the +1 leather armour "Wumos" {-Cast Rampage
                  | rPois rC++}
  3281 | D:4      | Found a shadowy altar of Dithmenos.
  3381 | D:4      | Found a stormy altar of Qazlal.
  3794 | D:4      | Found Cexoplocw's General Store.
  3857 | D:5      | Entered Level 5 of the Dungeon
  3866 | D:5      | Found a staircase to the Ecumenical Temple.
  3893 | D:5      | Noticed an ogre
  3902 | D:5      | Killed an ogre
  3903 | D:5      | Reached skill level 5 in Fighting
  3903 | D:5      | Reached skill level 5 in Axes
  3903 | D:5      | Reached XP level 6. HP: 14/56 MP: 5/5
  4398 | D:5      | Noticed a water moccasin
  4412 | D:5      | Killed a water moccasin
  5035 | D:5      | Reached skill level 5 in Armour
  5035 | D:5      | Reached XP level 7. HP: 59/62 MP: 6/6
  5313 | D:6      | Noticed Blork the orc
  5329 | D:6      | Killed Blork the orc
  5344 | D:6      | Reached *** piety under Trog
  5360 | D:6      | Reached skill level 5 in Dodging
  5767 | D:6      | Reached XP level 8. HP: 70/71 MP: 7/7
  6444 | D:6      | Found a shimmering blue altar of Sif Muna.
  7332 | D:7      | Reached XP level 9. HP: 81/81 MP: 8/8
  7375 | D:7      | Found a runed translucent door.
  7376 | D:7      | Noticed a sixfirhy
  7984 | D:7      | Found a broken altar of Ashenzari.
  7993 | D:7      | Found a blossoming altar of Fedhas.
  8218 | D:8      | Found an iron altar of Okawaru.
  8218 | D:8      | Noticed Pikel
  8347 | D:8      | Killed Pikel
  8497 | D:8      | Noticed Erica
  8530 | D:8      | Found Ketreime's General Store.
  8537 | D:8      | Noticed Gastronok
  9053 | D:9      | Noticed Psyche
  9060 | D:9      | Killed Psyche
  9061 | D:9      | Reached XP level 10. HP: 91/91 MP: 9/9
  9919 | D:9      | Noticed Maggie
  9950 | D:10     | Entered Level 10 of the Dungeon
 10220 | D:9      | Noticed a soul eater
 10224 | D:9      | Noticed an orange demon
 10229 | D:9      | Reached skill level 10 in Fighting
 10229 | D:9      | Reached skill level 10 in Axes
 10509 | D:8      | Killed Gastronok
 10510 | D:8      | Reached skill level 10 in Armour
 10725 | D:8      | Found an opulent altar of Gozag.
 12374 | D:9      | Killed Maggie
 12428 | D:9      | Found a hazy altar of Hepliaklqana.
 12766 | D:8      | Killed Erica
 12767 | D:8      | Reached XP level 11. HP: 101/101 MP: 10/10
 12832 | D:8      | Noticed a two-headed ogre
 12886 | D:8      | Killed a two-headed ogre
 13811 | D:10     | Reached skill level 10 in Dodging
 14084 | D:10     | Found a radiant altar of Vehumet.
 14302 | D:10     | Found a burning altar of Makhleb.
 14309 | D:10     | Identified the +5 long sword of Hubris {vorpal, Int+3
                  | Dex+3}
 14451 | D:10     | Found a snail-covered altar of Cheibriados.
 15004 | D:11     | Noticed Urug
 15063 | D:11     | Killed Urug
 15149 | D:11     | Reached **** piety under Trog
 15264 | D:11     | Noticed a two-headed ogre
 15272 | D:11     | Killed a two-headed ogre
 15698 | D:11     | Noticed a cyan ugly thing
 15709 | D:11     | Killed a cyan ugly thing
 16472 | D:11     | Noticed a two-headed ogre
 16481 | D:11     | Killed a two-headed ogre
 16705 | D:11     | Found a staircase to the Lair.
 16892 | Lair:1   | Entered Level 1 of the Lair of Beasts
 17749 | Lair:2   | Noticed Nergalle
 17857 | Lair:2   | Reached XP level 12. HP: 113/113 MP: 11/11
 17890 | Lair:2   | Killed Nergalle
 18418 | Lair:2   | Noticed a four-headed hydra
 18424 | Lair:2   | Killed a four-headed hydra
 19041 | Lair:2   | Found a hole to the Spider Nest.
 20037 | Lair:3   | Found a staircase to the Swamp.
 20970 | Lair:3   | Identified the ring of Skepticism {rF+ Will+ Int+3 Dex+6}
 21367 | Lair:4   | Noticed a five-headed hydra
 21694 | Swamp:1  | Entered Level 1 of the Swamp
 21699 | Swamp:1  | Noticed a bunyip
 22141 | Spider:1 | Entered Level 1 of the Spider Nest
 22867 | D:12     | Reached XP level 13. HP: 112/123 MP: 12/12
 23284 | D:12     | Found a staircase to the Orcish Mines.
 23363 | D:12     | Reached ***** piety under Trog
 26379 | D:14     | Found a gate to the Vaults.
 26379 | D:14     | Noticed an ironbound preserver
 27229 | D:15     | Entered Level 15 of the Dungeon
 27642 | D:15     | Found a staircase to the Depths.
 29119 | D:14     | Killed an ironbound preserver
 29482 | D:14     | Reached skill level 15 in Fighting
 29946 | D:14     | Reached skill level 15 in Axes
 30341 | Orc:1    | Entered Level 1 of the Orcish Mines
 30580 | Orc:1    | Found Aguonn's Overcharged Wands.
 30591 | Orc:1    | Reached XP level 14. HP: 97/135 MP: 13/13
 31216 | Orc:2    | Entered Level 2 of the Orcish Mines
 31314 | Orc:2    | Found a staircase to the Elven Halls.
 31366 | Orc:2    | Noticed Donald
 31381 | Orc:2    | Killed Donald
 31382 | Orc:2    | Reached skill level 15 in Armour
 31640 | Orc:2    | Received a gift from Trog
 32261 | Orc:2    | Found Repsin's Magic Scroll Emporium.
 32275 | Orc:2    | Bought a scroll of teleportation for 48 gold pieces
 32275 | Orc:2    | Bought a scroll of fear for 64 gold pieces
 32275 | Orc:2    | Bought a scroll of summoning for 152 gold pieces
 32348 | Orc:2    | Found Map Biso's Magic Scroll Emporium.
 32356 | Orc:2    | Bought a scroll of enchant armour for 82 gold pieces
 32356 | Orc:2    | Bought a scroll of enchant weapon for 82 gold pieces
 32356 | Orc:2    | Bought a scroll of identify for 22 gold pieces
 32356 | Orc:2    | Bought a scroll of identify for 22 gold pieces
 32356 | Orc:2    | Bought a scroll of identify for 22 gold pieces
 32705 | Orc:2    | Bought a scroll of identify for 22 gold pieces
 32786 | Orc:2    | Gained mutation: Armour fits poorly on your strangely
                  | shaped body. [potion of mutation]
 32786 | Orc:2    | Gained mutation: You are partially covered in iridescent
                  | scales. (AC +2) [potion of mutation]
 32922 | Orc:2    | Noticed an orc warlord
 32938 | Orc:2    | Paralysed by an orc sorcerer for 2 turns
 32944 | Orc:2    | Killed an orc warlord
 33328 | Orc:2    | Found Xorem's Antique Armour Shoppe.
 33330 | Orc:2    | Found Ejupoluo's Antique Weapon Emporium.
 33343 | Orc:2    | Bought the +3 Mad Mage's Maulers {Infuse+∞ RegenMP Int-3}
                  | for 960 gold pieces
 33343 | Orc:2    | Found the +3 Mad Mage's Maulers {Infuse+∞ RegenMP Int-3}
 33428 | Elf:1    | Entered Level 1 of the Elven Halls
 33948 | Elf:1    | Found Ipleapp's Weapon Shop.
 34504 | Lair:4   | Noticed Kirke
 34574 | Lair:4   | Killed Kirke
 35278 | Lair:4   | Noticed Sonja
 35299 | Lair:4   | Killed Sonja
 36043 | Lair:5   | Entered Level 5 of the Lair of Beasts
 36324 | Lair:5   | Found a staircase to the Slime Pits.
 36324 | Lair:5   | Found a viscous altar of Jiyva.
 36364 | Lair:5   | Received a gift from Trog
 36915 | Lair:5   | Found a large runed translucent door.
 37001 | Lair:5   | Reached XP level 15. HP: 129/145 MP: 0/14
 37071 | Lair:5   | Found a large runed translucent door.
 37083 | Lair:5   | Reached skill level 15 in Dodging
 38142 | Slime:1  | Entered Level 1 of the Pits of Slime
 38142 | Slime:1  | Noticed an azure jelly
 38142 | Slime:1  | Noticed an acid blob
 39759 | Depths:1 | Entered Level 1 of the Depths
 39823 | Depths:1 | Noticed a frost giant
 39831 | Depths:1 | Killed a frost giant
 39993 | Depths:1 | Received a gift from Trog
 41138 | Depths:1 | Noticed a fire giant
 42100 | Depths:1 | Noticed an iron dragon
 42100 | Depths:1 | Noticed a tengu reaver
 42135 | Depths:1 | Killed a tengu reaver
 42143 | Depths:1 | Killed an iron dragon
 42638 | Depths:1 | Found a gateway to Hell.
 42819 | Depths:2 | Noticed a deep elf blademaster
 42819 | Depths:2 | Noticed a doom hound
 42819 | Depths:2 | Noticed a deep elf master archer
 42820 | Depths:2 | Noticed a hellephant
 42821 | Depths:2 | Noticed a hellephant
 42835 | Depths:2 | Slain by a deep elf blademaster

Illustrated notes

Levels and vault maps discovered:
D:1:      dpeg_arrival_brainrot, layout_rooms,
          hellmonk_ecumenical_altar_arch_garden
D:2:      layout_basic, minmay_cut_off
D:3:      layout_loops_cross, dreamdust_princess_bridge
D:4:      layout_cave_pods, kennysheep_little_box,
          grunt_dithmenos_smoke_and_mirrors, minmay_misc_feat_secret_circle,
          minmay_shop_grid_forest, grunt_ministairs_5
D:5:      layout_loops_corners, minmay_temple_entry_waves
D:6:      cheibrodos_barr_body, layout_basic, lemuel_blue_sif_altar,
          uniq_blork_the_orc
D:7:      cheibrodos_shockbox, layout_cave_pools, mainiacjoe_overflow_swirl
D:8:      layout_basic, lemuel_doored_altar, old_standard_altar, serial_shops,
          nicolae_stop_n_shop_2, minivault_1, minmay_crystal_water,
          uniq_gastronok, uniq_erica, uniq_pikel
D:9:      layout_roguey, mainiacjoe_overflow_alcove_1, uniq_psyche, uniq_maggie
D:10:     layout_roguey, nicolae_overflow_hidden_temple,
          cheibrodos_worm_habitat, old_standard_altar,
          hellmonk_bongcloud_opening
D:11:     layout_stronghold, lair_entry_dummy, minmay_statues_item, uniq_urug
D:12:     layout_loops_ring, zombieorc1_lemuel, corexii_hall_statues_i
D:13:     layout_long_grid
D:14:     layout_cave_pods, skrybe_vaults_entry_preservation,
          nicolae_lava_and_water
D:15:     gammafunk_depths_entry_grave, layout_loops_cross,
          roderic_roman_lattice
Lair:1:   layout_roguey
Lair:2:   layout_cave_pods, spider_nest_entry_a, uniq_nergalle
Lair:3:   layout_concentric_octagons, minmay_swamp_entry_reptiles
Lair:4:   layout_regular_city, lemuel_fruit_fields, infiniplex_staircase_pool,
          grunt_megastairs_2, uniq_sonja, uniq_kirke
Lair:5:   cheibrodos_lair_end_hotspot, layout_long_grid, slime_entry_1
Swamp:1:  layout_basic_swamp, evilmike_swamp_ruin_house_2
Spider:1: gammafunk_boulding_lane, uniq_jorgrun
Slime:1:  layout_caves
Orc:1:    layout_diamond_mine, serial_shops, basic_altar,
          nicolae_orc_flooded_monolith, nicolae_shop_overcharged_wands
Orc:2:    grunt_orc_community_town_hall, layout_diamond_mine,
          grunt_orc_community_big_house_1, grunt_orc_community_big_house_2,
          grunt_orc_community_house_2, grunt_orc_community_house_2,
          grunt_orc_community_house_3, grunt_orc_community_house_1,
          grunt_orc_community_house_2, grunt_orc_community_house_2, uniq_donald
Elf:1:    eino_elf_arrival_sip, layout_loops_ring, serial_shops, shop,
          hangedman_corner_corridor
Elf:2:    elven_hall_of_blades_hangedman_original
          [nicolae_blade_entry_sentries_behind_glass], layout_loops_corners,
          serial_shops, shop
Depths:1: layout_big_octagon, solitary_fountain, hellmouth_1, wad_scary_box,
          nicolae_integral_box
Depths:2: four-leaf_vault, layout_basic, nicolae_kite_square_tiling_tiny,
          hell_entry, grunt_pan_entry_sceptre,
          nicolae_abyss_entry_one_way_or_another, beargit_elvish_explorers

Skill      XL: |  1  2  3  4  5  6  7  8  9 10 11 12 13 14 15 |
---------------+----------------------------------------------+-----
Fighting       | 4 5 6 7 9 10 12 13 15 16 17 | 17.5
Axes           | 4 5 6 7 9 10 12 13 15 16 17 | 17.5
Armour         | 3 4 5 6 7 9 10 12 13 14 16 17 | 17.3
Dodging        | 3 4 5 6 8 9 11 12 13 14 15 | 15.9

Action                   |  1- 3 |  4- 6 |  7- 9 | 10-12 | 13-15 || total
-------------------------+-------+-------+-------+-------+-------++-------
Melee: Hand axe          |    97 |    97 |   232 |   283 |    18 ||   727
       Headbutt          |    11 |    16 |    47 |   159 |   258 ||   491
       Punch             |     1 |       |       |       |       ||     1
       War axe           |       |       |       |   285 |   320 ||   605
       Morningstar       |       |       |       |     4 |    12 ||    16
       Broad axe         |       |       |       |       |   653 ||   653
Throw: Dart              |       |       |     2 |     1 |     1 ||     4
       Throwing net      |       |       |       |     2 |     3 ||     5
Invok: Berserk           |     1 |     2 |     6 |    11 |    20 ||    40
       Brothers in Arms  |       |       |       |       |     1 ||     1
Evoke: Wand              |       |       |     6 |    17 |    22 ||    45
       Lightning rod     |       |       |       |       |     6 ||     6
       Piece from Xom's  |       |       |       |       |     1 ||     1
  Use: Scroll            |       |       |     7 |     8 |    20 ||    35
       Potion            |       |       |       |       |     7 ||     7
 Stab: Distracted        |       |       |       |       |     1 ||     1
Armor: Animal skin       |     2 |       |       |       |       ||     2
       Scale mail        |     7 |       |       |       |       ||     7
       Plate armour      |    33 |    46 |   153 |    49 |       ||   281
       Swamp dragon scal |       |       |       |   183 |   515 ||   698
       Chain mail        |       |       |       |       |    60 ||    60
Dodge: Dodged            |    34 |    35 |   112 |   350 |   732 ||  1263
Block: Buckler           |       |     1 |    37 |    16 |       ||    54
       Kite shield       |       |       |       |   146 |   391 ||   537
